 Dungeon Crawl Stone Soup version 0.30-a0-800-g7c544603b3 (webtiles) character file.

Game seed: 1972202270535129964

821 cforsyth the Covert (level 8, -6/49 HPs)
             Began as a Kobold Brigand on Feb 23, 2023.
             Was an Initiate of Dithmenos.
             Mangled by a gnoll bouda
             ... wielding a +0 whip
              (10 damage)
             ... on level 5 of the Dungeon.
             The game lasted 00:09:35 (4311 turns).

cforsyth the Covert (Kobold Brigand)                Turns: 4311, Time: 00:09:35

Health: -6/49      AC:  3    Str:  9    XL:     8   Next: 17%
Magic:  8/8        EV: 17    Int: 12    God:    Dithmenos [......]
Gold:   228        SH:  0    Dex: 18    Spells: 7/7 levels left

rFire   . . .      SeeInvis .    a - +2 dagger
rCold   . . .      Faith    .    (no shield)
rNeg    . . .      Spirit   .    C - +0 robe
rPois   .          Reflect  .    (no helmet)
rElec   .          Harm     .    c - +0 cloak
rCorr   +          Rampage  .    (no gloves)
Will    +....                    (no boots)
Stlth   +++++                    (no amulet)
HPRegen 0.28/turn                i - ring of resist corrosion
MPRegen 0.11/turn                l - ring of willpower

@: no status effects
A: small, no large weapons, nightstalker 3
a: Renounce Religion


You were on level 5 of the Dungeon.
You worshipped Dithmenos.
Dithmenos was noncommittal.
You visited 1 branch of the dungeon, and saw 5 of its levels.

You collected 228 gold pieces.

Inventory:

Hand Weapons
 a - a +2 dagger (weapon)
 b - a +1 rapier of venom
Missiles
 d - 11 poisoned darts
 e - 3 curare-tipped darts (quivered)
Armour
 c - a +0 cloak (worn)
 C - a +0 robe (worn)
Jewellery
 i - a ring of resist corrosion (left hand)
 l - a ring of willpower (right hand)
 s - a ring of wizardry
Wands
 y - a wand of acid (13)
 A - a wand of iceblast (8)
Scrolls
 g - 2 scrolls of immolation
 j - a scroll of enchant armour {unknown}
 m - a scroll of vulnerability
 o - a scroll of noise {unknown}
 p - a scroll of poison {unknown}
 t - a scroll of fear {unknown}
 u - a scroll of fog {unknown}
 w - a scroll of amnesia {unknown}
Potions
 f - 2 potions of haste
 k - a potion of cancellation {unknown}
 n - a potion of curing
 q - 2 potions of mutation
 r - 2 potions of brilliance
 v - a potion of heal wounds {unknown}
 x - 2 potions of degeneration {unknown}
 z - a potion of resistance {unknown}
 B - a potion of berserk rage {unknown}


   Skills:
 + Level 5.1 Fighting
 + Level 6.2 Short Blades
 - Level 2.1 Throwing
 + Level 5.1 Dodging
 + Level 8.1 Stealth


You had 7 spell levels left.
You didn't know any spells.
Your spell library was empty.

Dungeon Overview and Level Annotations

Branches:
Dungeon (5/15)
 Temple: D:4-7

Altars:
Dithmenos
Okawaru
Yredelemnul

Shops:
D:1 :   D:2 **?

Annotations:
D:5 Menkaure


Innate Abilities, Weirdness & Mutations

You are small and have problems with some larger weapons.
You are completely attuned to the shadows.


Message History

A jelly comes into view.
The gnoll shouts!
The jelly quivers.
The gnoll shouts! x2
The gnoll bouda misses you.
You see here a +0 club.
The gnoll throws a throwing net.
The throwing net hits you.
You become entangled in the net!
You see here a throwing net.
You struggle against the net.
You struggle against the net.
The gnoll bouda closely misses you. The gnoll hits you with a +0 whip.
You tear a large gash into the net.
The gnoll hits you with a +0 whip. The gnoll barely misses you.
The gnoll bouda barks out a call to the hunt!
The gnolls pick up the pace!
The gnoll hits you with a +0 flail.
You rip the net and break free!
A quokka comes into view.
The gnoll barely misses you. The gnoll closely misses you.
The gnoll bouda misses you. The gnoll barely misses you.
The gnoll hits you with a +0 club.
The gnoll bouda hits you with a +0 whip!
The gnoll attacks as you move away! The gnoll misses you.
The gnoll attacks as you move away! The gnoll hits you with a +0 flail!
* * * LOW HITPOINT WARNING * * *
As you read the scroll of teleportation, it crumbles to dust.
You feel strangely unstable. The gnoll hits you with a +0 flail.
* * * LOW HITPOINT WARNING * * *
The gnoll barely misses you. The gnoll attacks as you move away!
The gnoll hits you with a +0 flail.
* * * LOW HITPOINT WARNING * * *
The gnoll misses you.
Unknown command.
Your surroundings seem slightly different.
The gnoll bouda attacks as you move away!
The gnoll bouda closely misses you. The gnoll barely misses you.
The gnoll is no longer moving quickly.
The gnoll bouda hits you with a +0 whip!
You die...

##....g.##....###.#...
##......J##....'.g.###>
#....###.##....#####
##....##.##....###
#....##.........#
#....##.........###
#....##..gJg........
#....##...gg#.......
#....######@#.......
###....# #.#.......
+......# #.#.......
###....# #.#.......
#....# #.#.......
##.### #.#.#### #.#
#.#.# ######.# ..#.#
.......# #.#


You could see a gnoll bouda, a jelly and 3 gnolls.

Vanquished Creatures
  Eustachio (D:4)
  2 ogres (D:4)
  2 necrophages
  A scorpion (D:5)
  A jelly (D:4)
  An orc priest (D:2)
  2 iguanas (D:4)
  4 gnolls
  7 adders
  2 ufetubi (D:4)
  2 worms
  4 dart slugs
  9 orcs
  16 endoplasms
  3 giant cockroaches
  3 goblins
  8 hobgoblins
  3 jackals (D:1)
  7 kobolds
  5 ball pythons
  4 bats
  3 frilled lizards
  8 rats
  A spectral orc (D:3)
99 creatures vanquished.

Notes
Turn   | Place    | Note
-------+----------+-------------------------------------------
     0 | D:1      | cforsyth the Kobold Brigand began the quest for the Orb.
     0 | D:1      | Reached XP level 1. HP: 12/12 MP: 1/1
   117 | D:1      | Reached XP level 2. HP: 18/18 MP: 2/2
   277 | D:1      | Found Cimesot's Book Shoppe.
   330 | D:1      | Reached XP level 3. HP: 22/22 MP: 3/3
  1015 | D:2      | Reached XP level 4. HP: 27/27 MP: 4/4
  1133 | D:2      | You fall into a shaft and drop 2 floors!
  1134 | D:4      | Noticed a necrophage
  1138 | D:4      | Killed a necrophage
  1139 | D:4      | Reached skill level 6 in Stealth
  1139 | D:4      | Reached XP level 5. HP: 32/32 MP: 5/5
  1385 | D:2      | Found Cihor's General Store.
  1396 | D:2      | Found Lalahaen's Assorted Antiques.
  1582 | D:2      | Found Ostrul's Magic Scroll Shoppe.
  1717 | D:2      | Reached XP level 6. HP: 37/37 MP: 6/6
  2286 | D:3      | Found a shadowy altar of Dithmenos.
  2313 | D:3      | Became a worshipper of Dithmenos the Shadowed
  2404 | D:3      | Found a basalt altar of Yredelemnul.
  2693 | D:3      | Found an iron altar of Okawaru.
  2994 | D:4      | Noticed an ogre
  3014 | D:4      | Killed an ogre
  3015 | D:4      | Reached skill level 5 in Short Blades
  3015 | D:4      | Reached skill level 7 in Stealth
  3015 | D:4      | Reached XP level 7. HP: 30/43 MP: 7/7
  3307 | D:4      | Noticed Eustachio
  3311 | D:4      | Killed Eustachio
  3636 | D:4      | Reached XP level 8. HP: 48/48 MP: 8/8
  3644 | D:4      | Reached skill level 5 in Fighting
  3942 | D:5      | Entered Level 5 of the Dungeon
  3964 | D:5      | Reached skill level 5 in Dodging
  3964 | D:5      | Reached skill level 8 in Stealth
  4125 | D:5      | Noticed Menkaure
  4307 | D:5      | HP: 2/49 [gnoll/+0 flail[a gnoll bouda] (6)]
  4311 | D:5      | Mangled by a gnoll bouda

Illustrated notes

Levels and vault maps discovered:
D:1:      sevenhm_arrival_forest_fort_large_4, layout_basic, serial_shops,
          nicolae_shop_hallway_stairs
D:2:      minmay_diamond_boxcup, layout_basic, serial_shops,
          nicolae_shop_waterfront, nicolae_shop_behind_doors,
          nicolae_shop_hallway_plus, skrybe_limestone_x,
          chequers_serial_rivers_room_b
D:3:      layout_basic, yredelemnul_forgotten_temple_becter,
          okawaru_metal_pillars_1_2, grunt_dithmenos_smoke,
          kennysheep_pointless_box, kennysheep_generic_room_4
D:4:      layout_basic, serial_glass, glass_columns_c, glass_columns_b,
          glass_columns_a, glass_columns_a, glass_columns_a, glass_columns_c,
          glass_columns_b, glass_columns_a, glass_columns_c, glass_columns_a,
          uniq_eustachio
D:5:      layout_basic, makhleb_blood_cavern_becter,
          mainiacjoe_overflow_catwalk, uniq_menkaure

Skill      XL: |  1  2  3  4  5  6  7  8 |
---------------+-------------------------+-----
Short Blades   | 3 4 5 6 |  6.2
Dodging        | 2 3 4 5 |  5.1
Fighting       | 3 4 5 |  5.1
Stealth        | 6 7 8 |  8.1
Throwing       | |  2.1

Action                     |  1- 3 |  4- 6 |  7- 9 || total
---------------------------+-------+-------+-------++-------
  Melee: Dagger            |    64 |   184 |    61 ||   309
         Punch             |       |     2 |       ||     2
  Throw: Dart              |       |       |     1 ||     1
    Use: Potion            |       |     2 |     1 ||     3
         Scroll            |       |     2 |     5 ||     7
   Stab: Sleeping          |    24 |    15 |    11 ||    50
 Armour: Robe              |       |    23 |       ||    23
  Dodge: Dodged            |    18 |   127 |    39 ||   184

Table legend: (Time is in decaauts)
 A = Elapsed time spent in this place.
 B = Non-inter-level travel time spent in this place.
 C = Inter-level travel time spent in this place.
 D = Time resting spent in this place.
 E = Time spent auto-exploring this place.
 F = Levels seen in this place.
 G = Mean time per level.
                   A        B        C        D        E       F      G
               +--------+--------+--------+--------+--------+-----+--------+
         Total |   4228 |   4091 |    137 |    160 |   3177 |   5 |  845.6 |
       Dungeon |   4228 |   4091 |    137 |    160 |   3177 |   5 |  845.6 |
               +--------+--------+--------+--------+--------+-----+--------+

Top non-repeatable levels by time:
     D:4: 1305 daAuts
     D:3: 941 daAuts
     D:1: 829 daAuts
     D:2: 822 daAuts
     D:5: 329 daAuts
